 Dungeon Crawl Stone Soup version 0.24-a0-250-g6074511 (webtiles) character file.

Game seed: 6474848072654835433

7 Ijustatesigmund the Skirmisher (level 2, 0/21 HPs)
             Began as an Octopode Fighter on Apr 15, 2019.
             Slain by a jackal (2 damage)
             ... on level 1 of the Dungeon.
             The game lasted 00:00:17 (48 turns).

Ijustatesigmund the Skirmisher (Octopode Fighter)     Turns: 48, Time: 00:00:18

Health: 0/21       AC:  1    Str: 20    XL:     2   Next: 4%
Magic:  2/2        EV: 11    Int: 10    God:
Gold:   0          SH:  9    Dex: 11    Spells: 1/1 levels left

rFire    . . .     SeeInvis .   a - +0 war axe
rCold    . . .     Gourm    .   b - +0 shield
rNeg     . . .     Faith    .   (helmet restricted)
rPois    .         Spirit   .   (no amulet)
rElec    .         Reflect  .   (no ring)
rCorr    .         Harm     .   (no ring)
MR       .....                  (no ring)
Stlth    ++........             (no ring)
HPRegen  0.07/turn              (no ring)
MPRegen  0.08/turn              (no ring)
                                (no ring)
                                (no ring)

@: mighty
A: almost no armour, stealthy swim, amphibious, 8 rings, constrict 8, camouflage
1, gelatinous body 1
a: no special abilities


You were on level 1 of the Dungeon.
You were not hungry.

You visited 1 branch of the dungeon, and saw 1 of its levels.

Inventory:

Hand Weapons
 a - a +0 war axe (weapon)
Armour
 b - a +0 shield (worn)
Jewellery
 e - an uncursed ring of magical power {unknown}
Comestibles
 d - a ration


   Skills:
 + Level 3.1 Fighting
 * Level 2.5 Axes
 - Level 3.0 Dodging
 - Level 3.0 Shields


You had one spell level left.
You didn't know any spells.
Your spell library was empty.

Dungeon Overview and Level Annotations

Branches:
Dungeon (1/15)

Altars:


Innate Abilities, Weirdness & Mutations

You cannot wear most types of armour.
You are very stealthy in the water. (Stealth+)
You are amphibious.
You can wear up to eight rings at the same time.
You can use your tentacles to constrict eight enemies at once.
Your skin changes colour to match your surroundings (Stealth+).
Your rubbery body absorbs attacks. (AC +1, EV +1)


Message History

You are too injured to fight recklessly!
You are too injured to fight recklessly!
You barely miss the kobold. You grab the kobold.
You squeeze the kobold, but do no damage.
You closely miss the jackal. You slash the jackal!
You kill the jackal!
You have reached level 2!
You constrict the kobold. You block the jackal's attack.
The kobold hits you with a +0 short sword.
* * * LOW HITPOINT WARNING * * *
You block the jackal's attack. You block the kobold's attack.
You feel very mighty all of a sudden.
You constrict the kobold.
You kill the kobold!
You block the jackal's attack. The jackal barely misses you.
You barely miss the goblin. You grab the goblin. You closely miss the jackal.
You constrict the goblin. The jackal closely misses you. The goblin hits you.
* * * LOW HITPOINT WARNING * * *
The jackal bites you.
You die...

...........##....
#.....##.8##...
####.....#..)...^.
..........(.8#####
####...###### #...#
. #...#
...>#######...#####
......g@.........$..
.....?h.....$.......
...#................
# #.######...######
#. #...# . #...# #
#...# ....#


You could see a jackal and a goblin.

Vanquished Creatures
  A bat (D:1)
  A goblin (D:1)
  3 jackals (D:1)
  A kobold (D:1)
6 creatures vanquished.

Notes
Turn   | Place    | Note
-------+----------+-------------------------------------------
     0 | D:1      | Ijustatesigmund the Octopode Fighter began the quest for
                  | the Orb.
     0 | D:1      | Reached XP level 1. HP: 16/16 MP: 1/1
    46 | D:1      | Reached XP level 2. HP: 11/21 MP: 2/2
    48 | D:1      | Slain by a jackal

Levels and vault maps discovered:
D:1:      psy_arrival_basics, layout_loops_cross, serial_forest,
          infiniplex_forest_lined_3, infiniplex_forest_corner_2,
          infiniplex_forest_clump_double, infiniplex_forest_clump_small,
          infiniplex_forest_clump_small, infiniplex_forest_lined_2,
          infiniplex_forest_lined_room_2

Action                   || total
-------------------------++-------
Melee: War axe           ||     9
       Constrict         ||     2
       Tentacles         ||     1
  Use: Potion            ||     1
 Stab: Sleeping          ||     2
Armor: Skin              ||     2
Dodge: Dodged            ||    11
Block: Shield            ||     9

Table legend:
 A = Non-vault XP
 B = Vault XP
 C = Vault XP percentage of total XP
 D = Non-vault monster count
 E = Vault monster count
 F = Vault count percentage of total count
                 A         B        C        D         E       F
            +---------+---------+-------+---------+---------+-------
      Total |      11 |       0 |   0.0 |       6 |       0 |   0.0
            +---------+---------+-------+---------+---------+-------
        D:1 |      11 |       0 |   0.0 |       6 |       0 |   0.0
            +---------+---------+-------+---------+---------+-------
